 Dungeon Crawl Stone Soup version 0.21.1-1-g345015f (webtiles) character file.

228 Goblin1989 the Shield-Bearer (level 6, 0/70 HPs)
             Began as a Gnoll Fighter on Mar 16, 2018.
             Was an Initiate of Hepliaklqana.
             Succumbed to a worker ant's poison
             ... on level 4 of the Dungeon.
             The game lasted 00:05:02 (2374 turns).

Goblin1989 the Shield-Bearer (Gnoll Fighter)        Turns: 2374, Time: 00:05:03

Health: 0/70       AC:  7    Str: 23 (25) XL:     6   Next: 2%
Magic:  8/8        EV:  9    Int:  8 (10) God:    Hepliaklqana [......]
Gold:   206        SH: 13    Dex: 16 (17) Spells: 8/8 levels left

rFire    + . .     SeeInvis .   a - +0 flail
rCold    + . .     Gourm    .   n - +2 shield
rNeg     . . .     Faith    .   b - +0 scale mail
rPois    .         Spirit   .   (no helmet)
rElec    +         Reflect  .   h - scarf {rC+ rF+}
rCorr    .         Harm     .   (no gloves)
MR       .....                  (no boots)
Stlth    ..........             (no amulet)
HPRegen  0.21/turn              (no ring)
MPRegen  0.11/turn              (no ring)

@: berserking (expiring), lethally poisoned (0 -> -5), very quick
A: distributed training, reduced essence, fangs 1, agile 1, mutation resistance
1, electricity resistance, strong nose
a: Recall Ancestor, Ancestor Identity, Renounce Religion


You were on level 4 of the Dungeon.
You worshipped Hepliaklqana.
Hepliaklqana was noncommittal.
You were not hungry.

You visited 1 branch of the dungeon, and saw 4 of its levels.

You collected 206 gold pieces.

Inventory:

Hand Weapons
 a - a +0 flail (weapon)
Missiles
 Z - 2 throwing nets (quivered) {!d , @Q1}
Armour
 b - a +0 scale mail (worn)
 h - a scarf of resistance (worn)
 n - a +2 shield (worn)
Scrolls
 i - 6 scrolls of identify {unknown}
 j - 4 scrolls of remove curse {unknown}
 l - 3 scrolls of noise {unknown}
 o - 2 scrolls of enchant weapon {unknown}
 r - 2 scrolls of fear {unknown}
 s - a scroll of random uselessness {unknown}
 v - a scroll of fog {unknown}
 x - 2 scrolls of teleportation {unknown}
Potions
 d - a potion of might
 g - a potion of mutation {!q}
 m - a potion of brilliance {unknown}
 p - a potion of flight {unknown}
 q - a potion of magic {unknown}
Comestibles
 e - 7 rations
 Y - a chunk of flesh


   Skills:
 + Level 6.7 Fighting
 + Level 1.7 Short Blades
 + Level 1.7 Long Blades
 + Level 1.7 Axes
 + Level 4.9 Maces & Flails
 + Level 1.7 Polearms
 + Level 1.7 Staves
 + Level 1.7 Slings
 + Level 1.7 Bows
 + Level 1.7 Crossbows
 + Level 1.7 Throwing
 + Level 6.7 Armour
 + Level 1.7 Dodging
 + Level 1.7 Stealth
 + Level 6.7 Shields
 + Level 1.7 Unarmed Combat
 + Level 1.7 Spellcasting
 + Level 1.3 Conjurations
 + Level 1.3 Hexes
 + Level 1.3 Charms
 + Level 1.3 Summonings
 + Level 1.3 Necromancy
 + Level 1.3 Translocations
 + Level 1.3 Transmutations
 + Level 1.3 Fire Magic
 + Level 1.3 Ice Magic
 + Level 1.3 Air Magic
 + Level 1.3 Earth Magic
 + Level 1.3 Poison Magic
 + Level 1.9 Invocations
 + Level 1.7 Evocations


You had 8 spell levels left.
You didn't know any spells.

Dungeon Overview and Level Annotations

Branches:
Dungeon (4/15)
 Temple: D:4-7

Altars:
Gozag
Hepliaklqana
Ru
Xom


Innate Abilities, Weirdness & Mutations

Your experience applies equally to all skills.
You have very sharp teeth.
Your uncanny sense of smell can sniff out nearby items.
Your life essence is reduced to manifest your ancestor. (-10% HP)
You are agile. (Dex +2)
You are somewhat resistant to further mutation.
You are resistant to electric shocks. (rElec)


Message History

The worker ant poisons you!
Paullus hits the worker ant but does no damage.
You take 1 damage, and have 29/42 hp.
You closely miss the worker ant.
You feel sick. The worker ant bites you.
You are more poisoned.
The worker ant poisons you! You block the worker ant's attack.
Paullus hits the worker ant.
The worker ant bites you but does no damage.
You take 5 damage, and have 24/42 hp.
You barely miss the worker ant.
You bite the worker ant, but do no damage.
The worker ant is lightly wounded.
You feel sick. You block the worker ant's attack.
Paullus hits the worker ant but does no damage.
You block the worker ant's attack. x2
You take 2 damage, and have 22/42 hp.
You feel sick.
Paullus barely misses the worker ant.
You block the worker ant's attack.
You barely miss the worker ant.
The worker ant is lightly wounded.
You feel sick. The worker ant barely misses you.
Paullus barely misses the worker ant.
You block the worker ant's attack. x2
Paullus barely misses the worker ant.
The worker ant bites you.
* * * LOW HITPOINT WARNING * * *
You take 7 damage, and have 15/42 hp.
You feel sick.
Paullus closely misses the worker ant.
You take 1 damage, and have 14/42 hp.
Paullus barely misses the worker ant.
You feel sick. The worker ant barely misses you.
You take 1 damage, and have 13/42 hp.
An orc priest comes into view.
You feel sick.
The worker ant closely misses something.
You take 1 damage, and have 12/42 hp.
A jackal comes into view.
You feel sick.
Something barely misses Paullus.
A jackal comes into view.
You take 1 damage, and have 11/42 hp.
You feel sick.
Paullus hits the worker ant.
The worker ant bites Paullus.
You feel sick.
The worker ant bites Paullus.
Paullus hits the worker ant.
You block the worker ant's attack.
You take 1 damage, and have 10/42 hp.
The worker ant closely misses Paullus.
Paullus hits the worker ant.
You feel sick.
The worker ant bites Paullus!
Paullus closely misses the worker ant.
You take 1 damage, and have 9/42 hp.
Something bites Paullus.
Found a stone staircase leading down.
You feel sick.
You take 1 damage, and have 8/42 hp.
You block the worker ant's attack.
It was a potion of mutation.
You feel extremely strange.
You feel insulated.
You feel agile.
You feel genetically stable.
You feel sick. The worker ant bites you.
* * * LOW HITPOINT WARNING * * *
You are lethally poisoned!
The worker ant poisons you!
You take 4 damage, and have 5/42 hp.
It was a potion of degeneration.
There was something very wrong with that liquid.
You feel weakened.
You feel dopey.
You feel clumsy.
* * * LOW HITPOINT WARNING * * *
You feel sick. The worker ant barely misses you.
You take 1 damage, and have 4/42 hp.
Unknown command.
* * * LOW HITPOINT WARNING * * *
You feel sick.
You take 1 damage, and have 3/42 hp.
It was a potion of berserk rage.
A red film seems to cover your vision as you go berserk!
You feel yourself moving faster!
You feel mighty!
* * * LOW HITPOINT WARNING * * *
You feel sick. You block the worker ant's attack.
You now have 3/63 hp.
You bludgeon the worker ant!!
You kill the worker ant!
* * * LOW HITPOINT WARNING * * *
You feel sick.
You take 1 damage, and have 2/63 hp.
You bludgeon the orc priest!!
You kill the orc priest!
You feel your dexterity returning.
You have reached level 6!
Your experience leads to an increase in your attributes!
Your base attributes are Str 19, Int 10, Dex 15.
Increase (S)trength, (I)ntelligence, or (D)exterity?
You feel stronger.
Paullus remembers more of his old skill.
* * * LOW HITPOINT WARNING * * *
You feel sick.
MP restored: 8 You sock the jackal!
You kill the jackal!
Unknown command.
* * * LOW HITPOINT WARNING * * *
You feel sick.
You take 1 damage, and have 1/70 hp.
You feel a strong urge to attack something.
You die...

█......█............
█..............█.█.█.
█..............?..... █
█....................
...█....<...............
...................>....
..███.a.....█..........
█..██.█.█..........
█!a██.█.@.█$█████.
█.?.R.█████R█████.
██...h.o..........█ ∆
█..████████.███..█ █..█
... █..█ ██.█ .o.█ .█
h...█ █ ......


There were no monsters in sight!

Vanquished Creatures
  A hound (D:3)
  An orc priest (D:4)
  An orc wizard (D:2)
  2 worker ants (D:4)
  An adder (D:3)
  3 oozes
  A worm (D:3)
  A dart slug (D:3)
  3 leopard geckos
  2 orcs
  3 ball pythons
  7 bats
  2 giant cockroaches
  6 goblins
  4 hobgoblins
  4 jackals
  8 kobolds
  2 quokkas
  3 frilled lizards
  10 rats
65 creatures vanquished.

Vanquished Creatures (collateral kills)
  A jackal (D:3)
  2 frilled lizards (D:3)
3 creatures vanquished.

Vanquished Creatures (others)
  An ancestor (D:4)
1 creature vanquished.

Grand Total: 69 creatures vanquished

Notes
Turn   | Place    | Note
-------+----------+-------------------------------------------
     0 | D:1      | Goblin1989 the Gnoll Fighter began the quest for the Orb.
     0 | D:1      | Reached XP level 1. HP: 23/23 MP: 1/1
    12 | D:1      | Reached XP level 2. HP: 25/29 MP: 2/2
   202 | D:1      | Reached XP level 3. HP: 35/35 MP: 3/3
   592 | D:2      | Reached skill level 1 in Short Blades
   592 | D:2      | Reached skill level 1 in Long Blades
   592 | D:2      | Reached skill level 1 in Axes
   592 | D:2      | Reached skill level 1 in Polearms
   592 | D:2      | Reached skill level 1 in Staves
   592 | D:2      | Reached skill level 1 in Slings
   592 | D:2      | Reached skill level 1 in Bows
   592 | D:2      | Reached skill level 1 in Crossbows
   592 | D:2      | Reached skill level 1 in Throwing
   592 | D:2      | Reached skill level 1 in Dodging
   592 | D:2      | Reached skill level 1 in Stealth
   592 | D:2      | Reached skill level 1 in Unarmed Combat
   592 | D:2      | Reached skill level 1 in Spellcasting
   592 | D:2      | Reached skill level 1 in Invocations
   592 | D:2      | Reached skill level 1 in Evocations
   592 | D:2      | Reached XP level 4. HP: 24/41 MP: 5/5
   598 | D:2      | Found a sacrificial altar of Ru.
  1185 | D:2      | Found a shimmering altar of Xom.
  1186 | D:2      | Found a hazy altar of Hepliaklqana.
  1187 | D:2      | Noticed a spectral ugly thing
  1282 | D:2      | Became a worshipper of Hepliaklqana the Forgotten
  1564 | D:3      | Reached skill level 1 in Conjurations
  1564 | D:3      | Reached skill level 1 in Hexes
  1564 | D:3      | Reached skill level 1 in Charms
  1564 | D:3      | Reached skill level 1 in Summonings
  1564 | D:3      | Reached skill level 1 in Necromancy
  1564 | D:3      | Reached skill level 1 in Translocations
  1564 | D:3      | Reached skill level 1 in Transmutations
  1564 | D:3      | Reached skill level 1 in Fire Magic
  1564 | D:3      | Reached skill level 1 in Ice Magic
  1564 | D:3      | Reached skill level 1 in Air Magic
  1564 | D:3      | Reached skill level 1 in Earth Magic
  1564 | D:3      | Reached skill level 1 in Poison Magic
  1909 | D:3      | Found an opulent altar of Gozag.
  2058 | D:3      | Reached XP level 5. HP: 24/42 MP: 6/6
  2365 | D:4      | Gained mutation: You are resistant to electric shocks. (rElec) [potion of mutation]
  2365 | D:4      | Gained mutation: You are agile. (Dex +2) [potion of mutation]
  2365 | D:4      | Gained mutation: You are somewhat resistant to further mutation. [potion of mutation]
  2368 | D:4      | HP: 3/63 [poisoned by a worker ant]
  2370 | D:4      | Reached XP level 6. HP: 3/47 MP: 8/8
  2372 | D:4      | HP: 1/70 [poisoned by a worker ant]
  2374 | D:4      | Succumbed to a worker ant's poison

Skill      XL: |  1  2  3  4 |
---------------+-------------+-----
Short Blades   | 1 |  1.7
Long Blades    | 1 |  1.7
Axes           | 1 |  1.7
Polearms       | 1 |  1.7
Staves         | 1 |  1.7
Slings         | 1 |  1.7
Bows           | 1 |  1.7
Crossbows      | 1 |  1.7
Throwing       | 1 |  1.7
Dodging        | 1 |  1.7
Stealth        | 1 |  1.7
Unarmed Combat | 1 |  1.7
Spellcasting   | 1 |  1.7
Invocations    | 1 |  1.9
Evocations     | 1 |  1.7
Conjurations   | 1 |  1.3
Hexes          | 1 |  1.3
Charms         | 1 |  1.3
Summonings     | 1 |  1.3
Necromancy     | 1 |  1.3
Translocations | 1 |  1.3
Transmutations | 1 |  1.3
Fire Magic     | 1 |  1.3
Ice Magic      | 1 |  1.3
Air Magic      | 1 |  1.3
Earth Magic    | 1 |  1.3
Poison Magic   | 1 |  1.3
Fighting       | |  6.7
Maces & Flails | |  4.9
Armour         | |  6.7
Shields        | |  6.7

Action                   |  1- 3 |  4- 6 || total
-------------------------+-------+-------++-------
Melee: Flail             |    68 |   118 ||   186
       Bite              |     5 |    15 ||    20
  Use: Potion            |       |     3 ||     3
  Eat: Chunk             |       |     5 ||     5
Armor: Scale mail        |    21 |    34 ||    55
Dodge: Dodged            |    12 |    40 ||    52
Block: Shield            |    43 |    96 ||   139

Vault maps used:
D:1:      dpeg_arrival_ternary
D:2:      regret_index_temple_of_mockery, nicolae_ru_great_annihilating_truth,
          first_ration
D:3:      nicolae_gozag_seed_capital
D:4:      gup_sewer_entry_spiral, minmay_misc_feat_doors,
          kennysheep_generic_room_8
